Match 43770581
Unlisted

Match 43770581
End
Pioneer Squad
Construct Infanterie Kompanie
MG 42 Machine Gun Team
Selects Terror Battlegroup
Selects Machine Gun Camouflage
MG 42 Machine Gun Team
Grenadier Squad
Grenadier Squad
Construct Luftwaffe Kompanie
Medical Station
221 Scout Car
Construct Panzergrenadier Kompanie
Pak 40 Anti-tank Gun Team
Selects Contempt for the Weak
Selects Jericho Trumpet
Jericho Trumpet
Panzergrenadier Squad
Support Elements
Jericho Trumpet
Nebelwerfer 42 Rocket Launcher Team
Jericho Trumpet
Pak 40 Anti-tank Gun Team
Selects V1 Rocket Strike
Construct Panzer Kompanie
Stoßtruppen Squad
Zigouigoui
Oncle-Hô
Anavrin
Constantine
Hot Cock Sauce
Joon
Nonaki
ManowaR
0
0

Comments sign in to comment!

No comments posted yet!